Map: Prion Terraces

Players

llllllllllll (Maru) - Winner!

  • Race: Terran Terran
  • League: Grandmaster

State

  • Race: Protoss Protoss
  • League: Grandmaster

VOD

Have the link to the VOD?

Description

Time

  • Played on: Nov. 24, 2015, 8:32 p.m.
  • Length: 6:51
Show
View Real Time Build Order
Export as new Build Order

llllllllllll Terran - Winner!

Build Orders: 1/1/1, Liberator Opening 

Get SALT Encoding   

  12  0:01  SCV  
  13  0:13  SCV  
  14  0:17  Supply Depot  
  14  0:25  SCV  
  14  0:27  Refinery  
  15  0:39  SCV  
  16  0:44  Barracks  
  16  0:51  SCV  
  17  1:03  SCV  
  18  1:15  SCV  
  18  1:16  Refinery  
  19  1:31  Marine, Orbital Command  
  20  1:35  Factory  
  20  1:42  Supply Depot  
  20  1:49  Marine  
  21  1:57  SCV  
  22  2:08  Marine  
  23  2:09  SCV  
  24  2:19  Starport  
  24  2:20  Widow Mine  
  24  2:21  SCV  
  27  2:30  Supply Depot  
  27  2:31  Marine  
  27  2:33  SCV  
  29  2:45  SCV  
  29  2:49  Marine  
  31  2:51  Widow Mine  
  31  2:56  Medivac  
  31  2:58  SCV  
  36  2:59  Supply Depot  
  36  3:09  Liberator  
  36  3:10  SCV  
  36  3:12  Barracks Reactor  
  37  3:22  SCV  
  41  3:28  Widow Mine  
  43  3:43  Command Center  
  43  3:45  SCV  
  44  3:52  Liberator  
  44  3:57  Widow Mine  
  44  4:06  Marine x2  
  44  4:09  Supply Depot  
  47  4:17  Barracks  
  47  4:19  Barracks  
  47  4:30  Marine x2, Widow Mine  
  51  4:38  Liberator  
  51  4:48  Marine x2  
  56  5:02  SCV, Supply Depot  
  56  5:06  Marine x2  
  57  5:12  Orbital Command  
  57  5:25  SCV  
  57  5:27  Marine x2  
  57  5:28  Barracks Tech Lab x2  
  60  5:37  SCV  
  61  5:43  SCV, Liberator  
  61  5:49  Marauder x2  
  67  5:50  SCV, Marine x2  
  67  5:55  SCV  
  73  6:06  SCV  
  73  6:07  SCV  
  73  6:10  Supply Depot, Marine x2  
  76  6:22  SCV  
  76  6:24  SCV, Engineering Bay  
  73  6:34  SCV  
Show
View Real Time Build Order
Export as new Build Order

State Protoss 

Build Orders: 1 Gate Expand 

Get SALT Encoding   

  12  0:01  Probe (Chrono Boost)  
  13  0:11  Probe (Chrono Boost)  
  14  0:19  Pylon  
  14  0:22  Probe (Chrono Boost)  
  15  0:37  Gateway, Probe (Chrono Boost)  
  15  0:42  Assimilator  
  16  0:48  Probe (Chrono Boost)  
  17  0:58  Probe (Chrono Boost)  
  18  1:09  Probe (Chrono Boost)  
  19  1:19  Nexus  
  19  1:22  Probe (Chrono Boost)  
  20  1:32  Cybernetics Core  
  20  1:35  Probe (Chrono Boost)  
  20  1:39  Assimilator  
  21  1:45  Probe (Chrono Boost)  
  22  1:50  Pylon  
  22  1:57  Probe (Chrono Boost)  
  23  2:09  Adept  
  23  2:10  Mothership Core (Chrono Boost)  
  26  2:17  Warp Gate  
  26  2:28  Probe (Chrono Boost)  
  27  2:31  Probe (Chrono Boost)  
  28  2:38  Probe (Chrono Boost)  
  28  2:40  Robotics Facility  
  28  2:41  Adept  
  28  2:42  Probe (Chrono Boost)  
  32  2:49  Probe (Chrono Boost)  
  33  2:53  Probe (Chrono Boost)  
  34  2:59  Probe (Chrono Boost)  
  34  3:01  Twilight Council  
  34  3:03  Probe (Chrono Boost)  
  36  3:10  Probe (Chrono Boost)  
  37  3:14  Probe (Chrono Boost)  
  37  3:17  Adept  
  37  3:19  Pylon  
  40  3:20  Probe (Chrono Boost)  
  40  3:24  Probe (Chrono Boost)  
  42  3:30  Observer (Chrono Boost)  
  43  3:36  Gateway  
  43  3:41  Gateway  
  43  3:42  Probe x2  
  43  3:44  Pylon  
  38  3:54  Probe x2  
  40  3:58  Warp Prism (Chrono Boost)  
  42  4:06  Probe x2  
  44  4:17  Dark Shrine  
  44  4:18  Probe x2  
  46  4:34  Stalker  
  46  4:36  Stalker  
  46  4:37  Stalker  
  49  4:39  Probe  
  49  4:42  Probe  
  51  4:51  Probe  
  50  4:54  Probe  
  49  5:03  Probe  
  49  5:06  Probe  
  51  5:07  Assimilator  
  51  5:11  Assimilator  
  51  5:16  Probe  
  51  5:18  Probe  
  50  5:28  Probe  
  50  5:30  Probe  
  47  5:40  Probe  
  45  5:42  Probe  
  45  5:45  Dark Templar  
  47  5:52  Probe  
  47  5:53  Stalker  
  47  5:54  Probe  
  49  6:03  Pylon  
  49  6:04  Probe  
  49  6:07  Probe  
  49  6:11  Dark Templar  
  53  6:16  Probe  
  43  6:19  Probe  
  43  6:22  Observer  
  43  6:29  Dark Templar  
  43  6:30  Probe  
  40  6:33  Probe  
Tags
 
Add a new tag
Caveats
  • Supply blocks, unpowered buildings, or Contaminate may cause inaccurate times.
  • Supply counts are checked every 10 seconds.